 Dungeon Crawl Stone Soup version 0.31.0-11-ge490571c62 (webtiles) character file.

Game seed: 12646799063887129648

210 qw the Skirmisher (level 5, -1/30 HPs)
             Began as a Deep Elf Hunter on Feb 5, 2024.
             Slain by a gnoll
             ... wielding a +0 flail
              (4 damage)
             ... on level 4 of the Dungeon.
             The game lasted 00:00:11 (2479 turns).

qw the Skirmisher (Deep Elf Hunter)                 Turns: 2479, Time: 00:00:11

Health: -1/30      AC:  6    Str: 10    XL:     5   Next: 57%
Magic:  7/7        EV:  9    Int: 14    God:
Gold:   289        SH:  0    Dex: 18    Spells: 4/4 levels left

rFire   . . .        a - +1 shortbow
rCold   . . .        (shield currently unavailable)
rNeg    + . .        m - +0 scale mail
rPois   .            (no helmet)
rElec   .            (no cloak)
rCorr   .            (no gloves)
SInv    .            (no boots)
Will    .....        g - amulet of the acrobat
Stlth   +            b - ring of positive energy
HPRegen 0.25/turn    (no ring)
MPRegen 0.10/turn

%: acrobat
@: no status effects
A: no striking features
a: no special abilities


You were on level 4 of the Dungeon.
You visited 1 branch of the dungeon, and saw 4 of its levels.

You collected 311 gold pieces.
You spent 22 gold pieces at shops.


   Skills:
 + Level 1.9 Fighting
 - Level 9.0 Ranged Weapons
 - Level 2.4 Dodging
 - Level 1.2 Stealth


You had 4 spell levels left.
You didn't know any spells.
Your spell library was empty.

Inventory:

Hand Weapons
 a - a +1 shortbow (weapon)
Armour
 m - a +0 scale mail (worn)
Jewellery
 b - a ring of positive energy (left hand)
 d - a ring of ice
 g - an amulet of the acrobat (around neck)
 h - an amulet of guardian spirit
Wands
 k - a wand of iceblast (8)
Scrolls
 c - a scroll of fog {unknown}
Potions
 e - a potion of mutation
 l - a potion of curing

Dungeon Overview and Level Annotations

Branches:
Dungeon (4/15)
 Temple: D:4-7

Altars:
Vehumet

Shops:
D:2 ?


Message History

HP restored.
Things that are here:
a +0 club; an orc corpse
c - a scroll labelled JATWOKLAERGH You now have 289 gold pieces (gained 10).
You open the huge gate.
The gnoll shouts! x2
A gnoll comes into view. It is wielding a +0 spear.
The orc shouts!
The gnoll shouts!
You hear a shout! x2
There is a huge open gate here.
A gnoll opens the door.
You shoot an arrow. The arrow barely misses the gnoll.
A gnoll opens the door.
An orc comes into view. It is wielding a +0 flail.
You shoot an arrow. The arrow closely misses the orc.
An orc comes into view. It is wielding a +0 flail.
The orc hits you but does no damage.
You shoot an arrow.
The arrow hits the gnoll but does no damage.
The orc hits you with a +0 short sword. The gnoll closely misses you. x2
You shoot an arrow. The arrow hits the gnoll.
The gnoll is moderately wounded.
The gnoll hits you with a +0 flail. The gnoll closely misses you.
The orc hits you with a +0 short sword.
A gnoll comes into view. It is wielding a +0 halberd.
You shoot an arrow. The arrow closely misses the gnoll.
The gnoll shouts!
The gnoll hits you with a +0 flail!
The gnoll hits you from afar with a +0 spear.
The gnoll hits you with a +0 flail. The orc hits you with a +0 short sword.
You shoot an arrow. The arrow hits the gnoll.
The gnoll is heavily wounded.
The gnoll closely misses you.
The gnoll hits you from afar with a +0 spear.
The gnoll closely misses you. The orc hits you but does no damage.
The gnoll barely misses you. The gnoll hits you with a +0 flail.
The gnoll barely misses you. The orc hits you but does no damage.
You shoot an arrow. The arrow barely misses the gnoll.
The orc barely misses you. The gnoll hits you with a +0 flail.
You die...

##:.)..####.###
#..<)..........
#.##.....>.....
................
~~~~~~~....~~~~~~~
~~~~~~~~....~~~~~~~
~~~~~~~~....~~~~~~~
. .................
######''g@#######
...#..go#......
...g....go.....
...#....#o.....
###############


You could see 4 gnolls and 3 orcs.

Vanquished Creatures
  A bombardier beetle (D:3)
  An orc priest (D:2)
  4 gnolls
  3 adders
  2 dart slugs (D:2)
  8 orcs
  7 bats
  5 endoplasms
  4 giant cockroaches
  4 goblins
  4 hobgoblins
  9 jackals
  A quokka (D:3)
  5 ball pythons
  5 frilled lizards (D:1)
  5 kobolds
  2 rats (D:2)
70 creatures vanquished.

Notes
Turn   | Place    | Note
-------+----------+-------------------------------------------
     0 | D:1      | qw the Deep Elf Hunter began the quest for the Orb.
     0 | D:1      | Reached XP level 1. HP: 12/12 MP: 3/3
     0 | D:1      | 0 ||| qw: Version: 0.3-a-160-g6735b56
     0 | D:1      | 0 ||| qw: Game counter: 6189
     0 | D:1      | 0 ||| qw: Melee chars always use a shield: true
     0 | D:1      | 0 ||| qw: God list: Okawaru
     0 | D:1      | 0 ||| qw: Allow faded altars: false
     0 | D:1      | 0 ||| qw: Do Orc after clearing Dungeon:15 true
     0 | D:1      | 0 ||| qw: Do second Lair branch before Depths: true
     0 | D:1      | 0 ||| qw: Lair rune preference: random
     0 | D:1      | 0 ||| qw: Goals: Normal
     0 | D:1      | 0 ||| PLANNING D:1-11
    94 | D:1      | Reached XP level 2. HP: 16/16 MP: 4/4
   101 | D:1      | Reached skill level 6 in Ranged Weapons
   518 | D:1      | 518 ||| UPGRADING to amulet of the acrobat.
   523 | D:1      | 523 ||| DROPPING +6 ring of intelligence.
   524 | D:1      | 524 ||| READING scroll labelled WUTTEL KUFAREE.
   625 | D:1      | 625 ||| DROPPING scroll of butterflies.
   709 | D:2      | Reached XP level 3. HP: 10/20 MP: 5/5
   711 | D:2      | HP: 5/20 [dart slug/slug dart (3)]
   719 | D:2      | Reached skill level 7 in Ranged Weapons
   720 | D:2      | Reached XP level 4. HP: 6/25 MP: 6/6
   831 | D:2      | Found Zuipliv's Magic Scroll Boutique.
   854 | D:2      | 854 ||| SHOPLISTING 2 scrolls of brand weapon (209 gold,
                  | have 96).
   854 | D:2      | 854 ||| SHOPLISTING scroll of brand weapon (104 gold, have
                  | 96).
   854 | D:2      | 854 ||| BUYING scroll of identify (22 gold).
   854 | D:2      | Bought a scroll of identify for 22 gold pieces
  1016 | D:2      | Reached skill level 8 in Ranged Weapons
  1285 | D:2      | HP: 6/25 [poisoned by an adder]
  1415 | D:2      | Found a faded altar of an unknown god.
  1543 | D:2      | 1543 ||| UPGRADING to ring of positive energy.
  1544 | D:2      | 1544 ||| READING 4 scrolls of identify.
  1544 | D:2      | 1544 ||| IDENTIFYING red potion
  1545 | D:2      | 1545 ||| READING 3 scrolls of identify.
  1545 | D:2      | 1545 ||| IDENTIFYING murky amethyst potion
  1546 | D:2      | 1546 ||| READING 2 scrolls of identify.
  1546 | D:2      | 1546 ||| IDENTIFYING silvery potion
  1547 | D:2      | 1547 ||| READING scroll of identify.
  1547 | D:2      | 1547 ||| IDENTIFYING 2 metallic emerald potions
  1548 | D:2      | 1548 ||| READING scroll labelled OHOOTH HIUTEYNT.
  1552 | D:2      | 1552 ||| READING 3 scrolls labelled OFFEAPT ZAWUNI.
  1553 | D:2      | 1553 ||| DROPPING 2 scrolls of revelation.
  1554 | D:2      | 1554 ||| DROPPING 2 potions of degeneration.
  1555 | D:2      | 1555 ||| DROPPING potion of berserk rage.
  1556 | D:2      | 1556 ||| DROPPING potion of attraction.
  1573 | D:3      | Found a radiant altar of Vehumet.
  1610 | D:3      | Reached XP level 5. HP: 29/29 MP: 7/7
  2322 | D:3      | 2322 ||| DROPPING scarf of harm.
  2323 | D:3      | 2323 ||| UPGRADING to +0 scale mail.
  2333 | D:3      | 2333 ||| DROPPING +0 leather armour.
  2334 | D:3      | 2334 ||| READING scroll of identify.
  2334 | D:3      | 2334 ||| IDENTIFYING inky potion
  2335 | D:3      | 2335 ||| READING scroll labelled NUSUPA FEOMO.
  2335 | D:3      | 2335 ||| ENCHANTING +0 shortbow.
  2371 | D:4      | 2371 ||| STAIRDANCE
  2380 | D:3      | Reached skill level 9 in Ranged Weapons
  2397 | D:4      | 2397 ||| STAIRDANCE
  2438 | D:4      | 2438 ||| STAIRDANCE
  2478 | D:4      | HP: 6/30 [gnoll/+0 spear (2)]
  2479 | D:4      | Slain by a gnoll

Levels and vault maps discovered:
D:1:      dpeg_arrival_shelter, layout_rooms, kennysheep_boxes
D:2:      layout_loops_ring, hellmonk_ecumenical_altar_inner_sanctum,
          serial_shops, shop_coins
D:3:      kennysheep_big_flooded_room, layout_loops_ring, amcnicky_altar_gilded
D:4:      lemuel_castle_with_subvaults [lemuel_castle_interior_carwin_1],
          layout_loops_ring, kennysheep_little_box, uniq_ijyb

Skill      XL: |  1  2  3  4  5 |
---------------+----------------+-----
Ranged Weapons | 6 7 8 9 |  9.0
Fighting       | |  1.9
Dodging        | |  2.4
Stealth        | |  1.2

Action                     |  1- 3 |  4- 6 || total
---------------------------+-------+-------++-------
   Fire: Shortbow          |    74 |   151 ||   225
    Use: Scroll            |     1 |     8 ||     9
 Armour: Leather armour    |    16 |    17 ||    33
         Scale mail        |       |    62 ||    62
  Dodge: Dodged            |    14 |    72 ||    86

Table legend:
 A = Non-vault XP
 B = Vault XP
 C = Vault XP percentage of total XP
 D = Non-vault monster count
 E = Vault monster count
 F = Vault count percentage of total count
                 A         B        C        D         E       F
            +---------+---------+-------+---------+---------+-------
      Total |     271 |      30 |  10.0 |      62 |       8 |  11.4
            +---------+---------+-------+---------+---------+-------
        D:1 |      31 |       0 |   0.0 |      20 |       0 |   0.0
        D:2 |     155 |       0 |   0.0 |      27 |       0 |   0.0
        D:3 |      85 |      13 |  13.3 |      15 |       6 |  28.6
        D:4 |       0 |      17 | 100.0 |       0 |       2 | 100.0
            +---------+---------+-------+---------+---------+-------
